cohdb
Replays
Latest Replays
All Replays
Popular Replays
Top Player Replays
Match Explorer
How It Works
Community
CoH3 Stats
Reddit
Sign in to upload your games and track your stats! →
Sign in with Steam
Match 46361957
Unlisted
Match 46361957
Overview
Messages
Build Orders
End
Construct Section Command Post
Selects Canadian Shock Battlegroup
Infantry Section
Infantry Section
Infantry Section
Infantry Section
Selects Attacking Spirit
Construct Field Infirmary
流星の双子
MasterStef
0
0
Comments
sign in to comment!
No comments posted yet!